 Dungeon Crawl Stone Soup version 0.27.1-2-g3b301248ec (webtiles) character file.

Game seed: 6244822242392615148

14318 Urokeeper the Blocker (level 12, -16/72 HPs)
             Began as a Gargoyle Fighter on Sept 29, 2021.
             Was an Elder of Okawaru.
             Demolished by Rupert (22 damage)
             ... on level 13 of the Dungeon on Sept 30, 2021.
             The game lasted 01:10:22 (14420 turns).

Urokeeper the Blocker (Gargoyle Fighter)           Turns: 14420, Time: 01:10:23

Health: -16/72     AC: 32    Str: 25    XL:     12   Next: 15%
Magic:  12/13      EV: 11    Int:  9    God:    Okawaru [****..]
Gold:   669        SH: 18    Dex: 15    Spells: 11/11 levels left

rFire    . . .     SeeInvis .   d - +9 club
rCold    . . .     Faith    .   c - +3 kite shield
rNeg     + . .     Spirit   .   y - +0 plate armour
rPois    ∞         Reflect  .   f - +0 helmet
rElec    +         Harm     .   T - +0 cloak
rCorr    .         Rampage  .   g - +0 pair of gloves
Will     .....                  Q - +0 pair of boots
Stlth    ..........             (no amulet)
HPRegen  0.22/turn              F - ring of flight
MPRegen  0.13/turn              R - +6 ring of dexterity

@: heroic, flying
A: sickness immunity, AC +8, negative energy resistance 1, electricity
resistance, torment resistance 1, petrification resistance
a: Renounce Religion, Heroism


You were on level 13 of the Dungeon.
You worshipped Okawaru.
Okawaru was greatly pleased with you.
You visited 2 branches of the dungeon, and saw 14 of its levels.

You collected 669 gold pieces.

Inventory:

Hand Weapons
 a - a +1 whip of flaming
 d - a +9 club (weapon)
 D - a +1 whip of venom
 E - a +1 morningstar of flaming
 N - a +1 whip of freezing
 Y - a +2 flail of protection
Missiles
 i - 104 poisoned darts
 o - 12 javelins
 V - 10 boomerangs
Armour
 c - a +3 kite shield (worn)
 f - a +0 helmet (worn)
 g - a +0 pair of gloves (worn)
 y - a +0 plate armour (worn)
 G - the +3 leather armour "Samuinen" {Int+4}
   (You found it on level 5 of the Dungeon)

   Int:       It affects your intelligence (+4).
 Q - a +0 pair of boots (worn)
 T - a +0 cloak (worn)
 X - a +0 troll leather armour
Jewellery
 F - a ring of flight (left hand)
 R - a +6 ring of dexterity (right hand)
Wands
 b - a wand of flame (22)
 s - a wand of polymorph (25)
 w - a wand of acid (17)
 C - a wand of paralysis (3) (quivered)
 P - a wand of digging (5)
 S - a wand of mindburst (50)
Scrolls
 e - a scroll of acquirement
 k - a scroll of holy word
 n - a scroll of fog {unknown}
 p - 2 scrolls of magic mapping {unknown}
 q - a scroll of amnesia
 t - 2 scrolls of brand weapon {unknown}
 u - 5 scrolls of teleportation {unknown}
 v - a scroll of noise {unknown}
 x - a scroll of enchant weapon {unknown}
 K - 5 scrolls of immolation
 O - 2 scrolls of fear {unknown}
Potions
 h - 7 potions of curing
 j - 2 potions of magic
 m - 5 potions of attraction
 r - 2 potions of haste {unknown}
 z - 2 potions of brilliance {unknown}
 A - 2 potions of resistance {unknown}
 B - 3 potions of invisibility {unknown}
 H - 3 potions of ambrosia {unknown}
 I - a potion of berserk rage {unknown}
 J - 2 potions of mutation {unknown}
 L - 4 potions of lignification {unknown}
 M - a potion of cancellation {unknown}
 U - a potion of degeneration {unknown}


   Skills:
 + Level 7.3(12.3) Fighting
 + Level 10.6(15.6) Maces & Flails
 + Level 1.4(6.4) Throwing
 + Level 10.0(15.0) Armour
 + Level 3.6(8.6) Dodging
 + Level 3.2(8.2) Stealth
 + Level 12.1(17.1) Shields
 + Level 0.8(5.8) Unarmed Combat
 + Level 2.1 Invocations
 + Level 0.2 Evocations


You had 11 spell levels left.
You didn't know any spells.
Your spell library contained the following spells:

 Spells                   Type           Power      Damage    Failure   Level
 Foxfire                  Conj/Fire      0%         2x1d4     96%         1
 Blink                    Tloc           N/A        N/A       99%         2
 Slow                     Hex            0%         N/A       99%         2
 Wereblood                Tmut           0%         N/A       99%         2
 Confusing Touch          Hex            0%         N/A       100%        3
 Conjure Flame            Conj/Fire      0%         6-21      100%        3
 Inner Flame              Hex/Fire       0%         N/A       100%        3
 Lesser Beckoning         Tloc           0%         N/A       100%        3
 Vampiric Draining        Necr           0%         2d6       100%        3
 Cause Fear               Hex            0%         N/A       100%        4
 Fireball                 Conj/Fire      0%         3d3       100%        5
 Manifold Assault         Tloc           0%         N/A       100%        5
 Starburst                Conj/Fire      0%         6d3       100%        6
 Summon Hydra             Summ           0%         N/A       100%        7
 Discord                  Hex            0%         N/A       100%        8
 Ignition                 Fire           0%         3d3       100%        8
 Sublimation of Blood     Necr           Unusable   N/A       N/A         2

Dungeon Overview and Level Annotations

Branches:
Dungeon (13/15)            Temple (1/1) D:6            Lair (0/6) D:10
    Orc (0/2) D:10
 Vaults: D:13-14

Altars:
Ashenzari
Cheibriados
Dithmenos
Elyvilon
Fedhas
Gozag
Hepliaklqana
Kikubaaqudgha
Makhleb
Nemelex Xobeh
Okawaru
Qazlal
Ru
Sif Muna
Trog
Uskayaw
Vehumet
Wu Jian
Xom
Yredelemnul
Zin
The Shining One
Beogh

Shops:
D:5 =[[=   D:9 (   D:10 *

Annotations:
D:4 2 transporters, nroviw's ghost, amateur HOFi
D:6 1 runed translucent door
D:13 Rupert


Innate Abilities, Weirdness & Mutations

You are immune to sickness and miasma.
Your stone body is resilient. (AC +8)
You are immune to poison.
You resist negative energy. (rN+)
You are resistant to electric shocks. (rElec)
You are resistant to unholy torment.
You are immune to petrification.


Message History

Aim: Rupert, wielding a +1 great mace of protection and wearing a +2 chain mail of cold resistance (berserk, 73% to hit)
Okay, then.
You block Rupert's attack.
You fly downwards.
You feel like a meek peon again.
There is a stone staircase leading up here.
Okay, then.
You gain the combat prowess of a mighty hero.
You block Rupert's attack. x2
Okay, then.
Aiming: Paralyse
Press: ? - help, Q - select action, (/) - cycle Shift-Dir - straight line, f - Rupert
Aim: Rupert, wielding a +1 great mace of protection and wearing a +2 chain mail of cold resistance (berserk, chance to affect: 1%)
Okay, then.
You can't go down here!
You can't go down here!
You can't go down here!
You can't go down here!
Rupert closely misses you.
You fly upwards.
There is a stone staircase leading down here.
Rupert completely misses you.
Rupert hits you with a +1 great mace of protection!
You fly downwards.
There is a stone staircase leading up here.
Okay, then.
You block Rupert's attack.
You hear a shout!
Rupert hits you with a +1 great mace of protection!
* * * LOW HITPOINT WARNING * * *
A troll comes into view.
This is a scroll of acquirement!
Something appears at your feet!
Rupert hits you with a +1 great mace of protection!
* * * LOW HITPOINT WARNING * * *
You block Rupert's attack.
As you read the scroll labelled GOSKAHOYZIU, it crumbles to dust.
You speak a Word of immense power!
It was a scroll of holy word.
Rupert hits you with a +1 great mace of protection!!
You die...

#.##.# #.##.#
#....# #....#
+....#
#####....##+####
#...............
#...<..@@.T.....
#.####..###..##.
.....# ...
......... .
#+########


You could see Rupert (berserk) and a troll.

Vanquished Creatures
  Nessos (D:12)
  A two-headed ogre (D:11)
  Pikel (D:6)
  2 manticores
  Maurice (D:10)
  Maggie (D:9)
  A gargoyle (D:11)
  Psyche (D:8)
  2 trolls
  Eustachio (D:6)
  2 shadows
  19 yaks
  4 wyverns
  The ghost of barney the Ruffian, an amateur DrTm (D:3)
  2 acid dragons
  4 water moccasins
  2 black bears
  19 orc warriors
  A necrophage (D:6)
  4 centaurs
  A lemure (D:6)
  3 kobold brigands
  4 bullfrogs
  A gnoll sergeant (D:6)
  4 scorpions
  14 killer bees
  3 electric eels (D:10)
  4 howler monkeys
  3 centaur zombies
  A bullfrog skeleton (D:5)
  2 bullfrog zombies
  A centaur skeleton (D:6)
  5 hounds
  A jelly (D:6)
  6 orc priests
  Crazy Yiuf (D:7)
  2 iguanas (D:6)
  Jessica (D:2)
  6 orc wizards
  A scorpion zombie (D:5)
  A killer bee zombie (D:7)
  Robin (D:2)
  7 gnolls
  5 adders
  2 white imps
  An ufetubus (D:5)
  A worm (D:5)
  A dart slug (D:3)
  39 orcs
  6 endoplasms
  3 giant cockroaches
  20 goblins
  8 hobgoblins
  3 jackals (D:2)
  3 quokkas (D:1)
  6 ball pythons
  10 bats
  4 frilled lizards
  A goblin skeleton (D:6)
  24 kobolds
  A kobold zombie (D:6)
  6 rats
287 creatures vanquished.

Vanquished Creatures (others)
  10 fungi (D:10)
  7 plants (D:10)
17 creatures vanquished.

Grand Total: 304 creatures vanquished

Notes
Turn   | Place    | Note
-------+----------+-------------------------------------------
     0 | D:1      | Urokeeper the Gargoyle Fighter began the quest for the Orb.
     0 | D:1      | Reached XP level 1. HP: 14/14 MP: 1/1
   170 | D:1      | Reached XP level 2. HP: 19/19 MP: 2/2
   170 | D:1      | Found a faded altar of an unknown god.
   850 | D:1      | Reached XP level 3. HP: 23/23 MP: 3/3
  1433 | D:2      | Noticed Robin
  1834 | D:2      | Killed Robin
  1835 | D:2      | Reached XP level 4. HP: 29/29 MP: 4/4
  1849 | D:2      | Found a snail-covered altar of Cheibriados.
  2201 | D:2      | Noticed Jessica
  2203 | D:2      | Killed Jessica
  2656 | D:2      | Reached XP level 5. HP: 23/33 MP: 5/5
  3202 | D:3      | Found a runed translucent door.
  3202 | D:3      | Noticed barney's ghost (amateur DrTm)
  3220 | D:3      | Killed barney's ghost
  3221 | D:3      | Reached skill level 1 in Dodging
  3221 | D:3      | Reached skill level 4 in Shields
  3221 | D:3      | Reached XP level 6. HP: 37/38 MP: 6/6
  3387 | D:4      | Reached skill level 5 in Armour
  3395 | D:4      | Found a transporter.
  3398 | D:4      | Noticed nroviw's ghost (amateur HOFi)
  3400 | D:4      | Noticed an orc warrior
  3424 | D:4      | Found a transporter.
  3913 | D:4      | Found a shadowy altar of Dithmenos.
  3916 | D:4      | Found a glowing golden altar of the Shining One.
  3957 | D:5      | Entered Level 5 of the Dungeon
  4007 | D:5      | Noticed a water moccasin
  4017 | D:5      | Killed a water moccasin
  4018 | D:5      | Reached XP level 7. HP: 42/42 MP: 7/7
  4042 | D:5      | Found Joizang's Antique Armour Boutique.
  4376 | D:5      | Found Acwaaf's Jewellery Boutique.
  4422 | D:5      | Identified the +3 leather armour "Samuinen" {Int+4}
  4453 | D:5      | Reached skill level 5 in Maces & Flails
  4466 | D:5      | Found Hegoimy's Antique Armour Emporium.
  4509 | D:5      | Found a hazy altar of Hepliaklqana.
  4516 | D:5      | Found a white marble altar of Elyvilon.
  4729 | D:5      | Found a shimmering blue altar of Sif Muna.
  4789 | D:5      | Found Kojil's Jewellery Shop.
  4902 | D:6      | Reached skill level 5 in Shields
  5045 | D:6      | Noticed Eustachio
  5065 | D:6      | Killed Eustachio
  5066 | D:6      | Reached XP level 8. HP: 41/48 MP: 8/8
  5350 | D:6      | Found a staircase to the Ecumenical Temple.
  5359 | D:6      | Found a runed translucent door.
  5363 | D:6      | Found a basalt altar of Yredelemnul.
  5380 | Temple   | Entered the Ecumenical Temple
  5419 | Temple   | Became a worshipper of Warmaster Okawaru
  5759 | D:6      | Noticed Pikel
  5782 | D:6      | Killed Pikel
  5782 | D:6      | Reached * piety under Okawaru
  5783 | D:6      | Reached skill level 5 in Fighting
  5783 | D:6      | Reached skill level 1 in Throwing
  5783 | D:6      | Reached skill level 6 in Shields
  5783 | D:6      | Reached XP level 9. HP: 30/54 MP: 9/9
  6117 | D:6      | Found an ornate altar of the Wu Jian Council.
  6181 | D:7      | Reached skill level 1 in Stealth
  6983 | D:7      | Reached skill level 7 in Shields
  7303 | D:7      | Found a runed translucent door.
  7304 | D:7      | Noticed Crazy Yiuf
  7314 | D:7      | Killed Crazy Yiuf
  7428 | D:8      | Noticed Psyche
  7938 | D:8      | Reached ** piety under Okawaru
  7995 | D:8      | Killed Psyche
  7996 | D:8      | Reached skill level 8 in Shields
  7996 | D:8      | Reached XP level 10. HP: 50/60 MP: 8/10
  8846 | D:9      | Found Qotokh's Antique Weapon Boutique.
  8998 | D:9      | Reached skill level 9 in Shields
  9208 | D:9      | Noticed Maggie
  9232 | D:9      | Killed Maggie
  9232 | D:9      | Reached *** piety under Okawaru
  9534 | D:10     | Entered Level 10 of the Dungeon
  9775 | D:10     | Noticed Maurice
  9788 | D:10     | Killed Maurice
  9913 | D:10     | Reached skill level 1 in Invocations
  9941 | D:10     | Reached **** piety under Okawaru
  9989 | D:10     | Found Zikhlaybb's Serpentskin Sales.
 10308 | D:10     | Reached XP level 11. HP: 44/66 MP: 12/12
 10510 | D:10     | Found a staircase to the Orcish Mines.
 10637 | D:10     | Reached skill level 10 in Shields
 11403 | D:10     | Found a staircase to the Lair.
 11947 | D:11     | Reached ***** piety under Okawaru
 12144 | D:11     | Noticed a manticore
 12170 | D:11     | Killed a manticore
 12379 | D:11     | Reached skill level 10 in Maces & Flails
 12389 | D:11     | Received a gift from Okawaru
 12412 | D:11     | Reached skill level 11 in Shields
 12670 | D:11     | Received a gift from Okawaru
 12686 | D:11     | Noticed a two-headed ogre
 12699 | D:11     | Killed a two-headed ogre
 13368 | D:11     | Received a gift from Okawaru
 13569 | D:11     | Reached XP level 12. HP: 54/72 MP: 13/13
 13847 | D:12     | Noticed Nessos
 13865 | D:12     | Killed Nessos
 13866 | D:12     | Reached skill level 10 in Armour
 13968 | D:12     | Reached skill level 12 in Shields
 14035 | D:12     | Noticed Rupert
 14043 | D:12     | Paralysed by Rupert for 6 turns
 14080 | D:12     | Paralysed by Rupert for 5 turns
 14392 | D:12     | Paralysed by Rupert for 4 turns
 14419 | D:13     | Identified 2 scrolls of acquirement
 14419 | D:13     | Acquired the +0 pair of boots "Heinoc" {rN+ Will+}
 14420 | D:13     | Demolished by Rupert

Illustrated notes

Levels and vault maps discovered:
D:1:      lemuel_arrival_muddy, layout_loops_corners,
          hellmonk_ecumenical_altar_run_dry, minivault_5
D:2:      minmay_spotlight, layout_basic, basic_altar, chequers_garden,
          uniq_robin, uniq_jessica
D:3:      layout_rooms, hellmonk_ghost_happy_afterlife
D:4:      layout_rooms, minitemple, gammafunk_ghost_arena,
          minmay_misc_feat_rugged
D:5:      layout_loops_corners, nicolae_sif_muna_little_library,
          mainiacjoe_overflow_divided_tiny, serial_shops, nicolae_shop_stone,
          nicolae_stop_n_shop_1, shop, nicolae_take_the_stairs
D:6:      layout_loops_cross, dk_yredelemnul_ordeal,
          nicolae_wu_jian_immortal_techniques, minmay_temple_entry_mini_moons,
          corexii_corridor_pit, uniq_eustachio, uniq_pikel
D:7:      layout_loops_corners, uniq_crazy_yiuf_cottage
D:8:      layout_basic, uniq_psyche
D:9:      layout_roguey, serial_shops, kennysheep_little_box, uniq_maggie
D:10:     layout_irregular_city, grunt_lair_entry_orc_guard_hut, erik_orc_2,
          nicolae_benzene_ring, guppyfry_shop_venom, uniq_maurice
D:11:     layout_long_grid, special_room [special_room_orc]
D:12:     layout_rooms, uniq_rupert, uniq_erolcha, uniq_nessos
D:13:     layout_stronghold, minmay_misc_feat_rows, nicolae_twisting_strands,
          amcnicky_altar_lugonu_corruption, uniq_jorgrun
Temple:   regret_index_temple_waves

Skill      XL: |  1  2  3  4  5  6  7  8  9 10 11 12 |
---------------+-------------------------------------+-----
Maces & Flails | 3 4 6 7 8 9 10 | 10.6
Armour         | 4 5 6 7 9 10 | 10.0
Dodging        | 1 2 3 |  3.6
Shields        | 4 5 6 8 9 11 12 | 12.1
Fighting       | 4 5 6 7 |  7.3
Throwing       | 1 |  1.4
Stealth        | 1 2 3 |  3.2
Invocations    | 1 2 |  2.1
Unarmed Combat | |  0.8
Evocations     | |  0.2

Action                   |  1- 3 |  4- 6 |  7- 9 | 10-12 || total
-------------------------+-------+-------+-------+-------++-------
Melee: Flail             |   126 |       |       |       ||   126
       Club              |       |   118 |   309 |   852 ||  1279
       Unarmed           |       |       |     6 |       ||     6
Throw: Dart              |     1 |     5 |     4 |     5 ||    15
       Boomerang         |       |       |       |     2 ||     2
Invok: Heroism           |       |       |     1 |    11 ||    12
       Finesse           |       |       |       |     2 ||     2
Evoke: Wand              |       |       |       |     4 ||     4
  Use: Potion            |     1 |       |     1 |     6 ||     8
       Scroll            |       |       |     7 |     4 ||    11
 Stab: Invisible         |       |       |     2 |       ||     2
       Paralysed         |       |       |       |    10 ||    10
Armor: Scale mail        |    99 |    69 |     7 |       ||   175
       Chain mail        |       |       |   105 |       ||   105
       Plate armour      |       |       |    54 |   316 ||   370
       Skin              |       |       |     1 |       ||     1
Dodge: Dodged            |    43 |    37 |    91 |   136 ||   307
Block: Kite shield       |    86 |    58 |   223 |   557 ||   924
